 Dungeon Crawl Stone Soup version 0.26.1-11-gd32895ea62 (webtiles) character file.

Game seed: 13476504631092218073

229975 Zeld the Severer (level 18, -5/177 HPs)
             Began as a Deep Dwarf Fighter on June 3, 2021.
             Was an Elder of Makhleb.
             Killed by angry trees
             ... awakened by a spriggan druid
              (9 damage)
             ... on level 2 of the Swamp.
             The game lasted 01:15:46 (33428 turns).

Zeld the Severer (Deep Dwarf Fighter)              Turns: 33428, Time: 01:15:47

Health: -5/177     AC: 18    Str: 26      XL:     18   Next: 75%
Magic:  0/0        EV: 10    Int: 10 (11) God:    Makhleb [****..]
Gold:   621        SH: 17    Dex: 12      Spells: 17/17 levels left

rFire    . . .     SeeInvis .   r - +2 whip (vamp)
rCold    + . .     Faith    .   c - +2 kite shield
rNeg     + . .     Spirit   .   W - +0 plate armour
rPois    +         Reflect  +   u - +2 hat {Will+}
rElec    .         Harm     .   j - +0 cloak {rPois}
rCorr    .         Rampage  .   k - +2 pair of gloves
Will     +++..                  V - +0 pair of boots
Stlth    ..........             E - amulet of reflection
HPRegen  0.00/turn              N - ring of protection from cold
MPRegen  0.07/turn              f - ring of flight

@: non-regenerating, very slow
A: damage resistance, heal wounds, negative energy resistance 1, sense
surroundings 3, no regeneration
}: 1/15 runes: serpentine
a: Heal Wounds, Renounce Religion, Evoke Flight, Minor Destruction, Lesser
Servant of Makhleb, Major Destruction


You were on level 2 of the Swamp.
You worshipped Makhleb.
Makhleb was greatly pleased with you.
You visited 8 branches of the dungeon, and saw 32 of its levels.
You also visited: Ossuary, Gauntlet and Ice Cave.

You collected 4367 gold pieces.
You spent 3746 gold pieces at shops.

Inventory:

Hand Weapons
 a - a +9 war axe of flaming
 b - the +14 obsidian axe {vorpal, +Fly SInv *Curse}
   (You found it in an ice cave)

   It inflicts extra damage upon your enemies.
   It lets you see invisible.
   It lets you fly.
   It curses itself when equipped.
 r - a +2 vampiric whip (weapon)
 M - a +4 spectral war axe
Missiles
 h - 12 javelins
 y - 142 poisoned darts (quivered)
 F - 19 silver javelins
 H - 5 throwing nets
Armour
 c - a +2 kite shield (worn)
 j - a +0 cloak of poison resistance (worn)
 k - a +2 pair of gloves (worn)
 u - a +2 hat of willpower (worn)
 V - a +0 pair of boots (worn)
 W - a +0 plate armour (worn)
Jewellery
 f - a ring of flight (right hand)
 E - an amulet of reflection (around neck)
 N - a ring of protection from cold (left hand)
 X - an uncursed ring of resist corrosion
Wands
 g - a wand of paralysis (23)
 p - a wand of disintegration (39)
 z - a wand of acid (51)
 C - a wand of polymorph (7)
 J - a wand of iceblast (25)
 P - a wand of flame (53)
 R - a wand of enslavement (20)
Scrolls
 n - 5 scrolls of magic mapping
 o - 14 scrolls of teleportation
 q - 14 scrolls of remove curse
 s - 5 scrolls of identify
 v - 2 scrolls of holy word
Potions
 d - 4 potions of might
 e - 5 potions of berserk rage
 i - 17 potions of curing
 m - 2 potions of resistance
 x - 3 potions of cancellation
 B - 7 potions of flight
 D - 2 potions of brilliance
 I - 4 potions of haste
 L - 3 potions of magic
 O - 2 potions of invisibility
Miscellaneous
 l - a phantom mirror
 t - a condenser vane (inert)
 w - a condenser vane (inert)
 G - a lightning rod (4/4)
 U - a box of beasts
 Y - a phial of floods


   Skills:
 * Level 14.9 Fighting
 - Level 20.0 Axes
 - Level 6.0 Throwing
 - Level 3.2 Armour
 + Level 12.6 Dodging
 - Level 3.2 Shields
 * Level 19.7 Invocations
 + Level 14.5 Evocations


You had 17 spell levels left.
You didn't know any spells.
Your spell library contained the following spells:

 Spells                   Type           Power        Failure   Level
 Animate Skeleton         Necr           0%           100%        1
 Apportation              Tloc           0%           100%        1
 Corona                   Hex            0%           100%        1
 Foxfire                  Conj/Fire      0%           100%        1
 Magic Dart               Conj           0%           100%        1
 Sandblast                Erth           0%           100%        1
 Shock                    Conj/Air       0%           100%        1
 Summon Small Mammal      Summ           0%           100%        1
 Corpse Rot               Necr/Air       N/A          100%        2
 Passwall                 Tmut/Erth      0%           100%        2
 Searing Ray              Conj           0%           100%        2
 Conjure Flame            Conj/Fire      0%           100%        3
 Dazzling Flash           Conj/Hex       0%           100%        3
 Inner Flame              Hex/Fire       0%           100%        3
 Stone Arrow              Conj/Erth      0%           100%        3
 Animate Dead             Necr           0%           100%        4
 Fulminant Prism          Conj/Hex       0%           100%        4
 Iskenderun's Mystic Bla  Conj/Tloc      0%           100%        4
 Petrify                  Tmut/Erth      0%           100%        4
 Sticky Flame             Conj/Fire      0%           100%        4
 Borgnjor's Vile Clutch   Necr/Erth      0%           100%        5
 Fireball                 Conj/Fire      0%           100%        5
 Lee's Rapid Deconstruct  Erth           0%           100%        5
 Death Channel            Necr           0%           100%        6
 Simulacrum               Ice/Necr       0%           100%        6


Dungeon Overview and Level Annotations

Branches:
Dungeon (15/15)            Temple (1/1) D:5            Lair (6/6) D:11
  Swamp (2/4) Lair:2        Snake (4/4) Lair:3        Slime (0/5) Lair:5
    Orc (2/2) D:11            Elf (1/3) Orc:2        Vaults (1/5) D:13
 Depths (0/5) D:15        Ossuary (visited)           IceCv (visited)
Gauntlet (visited)

Altars:
Ashenzari
Cheibriados
Dithmenos
Elyvilon
Fedhas
Gozag
Hepliaklqana
Kikubaaqudgha
Makhleb
Nemelex Xobeh
Okawaru
Qazlal
Ru
Sif Muna
Trog
Uskayaw
Vehumet
Wu Jian
Xom
Yredelemnul
Zin
The Shining One
Beogh

Shops:
D:5 (   D:9 }   Orc:2 :*[   Snake:3 :?!}[

Portals:
Pandemonium: Orc:2

Annotations:
D:15 exclusions: obsidian statue and orange crystal statue


Innate Abilities, Weirdness & Mutations

You are resistant to damage.
You can heal yourself by infusing magical energy.
You resist negative energy. (rN+)
You passively map a large area around you.
You do not regenerate.


Message History

The spriggan druid casts a spell at you.
The stone arrow hits you!!!
* * * LOW HITPOINT WARNING * * *
You enter the shallow water.
Moving in this stuff is going to be slow.
The spriggan throws a stone.
The stone hits your green death!
The spriggan druid casts a spell.
The forest starts to sway and rumble!
Your green death misses the spriggan druid.
The spriggan throws a stone.
The stone hits your green death!
Unknown command.
Press: ? - help, v - describe, . - travel An awoken tree.
Tree limbs sway around you.
A tree reaches out and hits your green death!
You are hit by a branch!
* * * LOW HITPOINT WARNING * * *
A tree reaches out and hits your green death!
A root smacks you from below!
You die...

♣.≈.♣≈.....≈
♣♣≈♣.....)..
♣♣^.....#≈.
♣...≈...#.
♣♣....≈..## ♣*
♣♣♣♣♣...♣♣.....
♣♣.♣♣
♣♣≈♣≈.≈.♣♣*...♣.
♣..≈.♣♣≈≈...≈.♣
.≈≈.≈
*♣≈.$@♣≈.♣...≈♣
§..♣
♣../.♣≈..♣...♣♣
≈.≈
♣....≈♣♣(♣♣..♣♣
≈ *
♣≈≈.....2i##.. *
,
♣♣≈..≈.≈..i...♣
≈ ,,≈
♣♣......≈....♣*
,≈ ♣♣♣.........♣
* .#......#.♣,
**
♣.##.i..##.≈≈,**
*


You could see a spriggan druid, a spriggan and a friendly green death
(summoned).

Vanquished Creatures
  Jorgrun (Snake:3)
  The ghost of Zeld the Champion of Chaos, an adept DDFi of Makhleb (Snake:2)
  Gastronok (Lair:1)
  2 thorn hunters
  7 nagarajas
  Aizul (Snake:1)
  2 frost giants
  A ghoul (Swamp:1)
  Nessos (D:13)
  A minotaur (Gauntlet)
  A bunyip (Swamp:2)
  A shambling mangrove (Swamp:1)
  6 hydras
  3 boulder beetles
  Erolcha (Orc:1)
  Harold (D:8)
  4 vault guards (D:13)
  8 naga warriors
  A hell beast (Gauntlet)
  19 anacondas
  Erica (Lair:2)
  A catoblepas (Lair:6)
  A queen ant (Lair:3)
  4 two-headed ogres
  4 centaur warriors
  3 alligators
  A tengu warrior (D:14)
  5 orc high priests (Orc:2)
  8 death yaks
  Urug (Lair:1)
  16 shock serpents
  2 soul eaters
  13 naga sharpshooters
  A fire crab (Lair:6)
  3 spriggans
  2 goliath frogs (Swamp:2)
  3 salamander mystics (Snake:4)
  5 sea snakes (Snake:1)
  A spriggan druid (Swamp:2)
  An unseen horror (D:15)
  A gelid demonspawn (Orc:2)
  2 swamp dragons (Swamp:1)
  A torturous demonspawn (Orc:2)
  8 bog bodies (Swamp:1)
  6 naga ritualists
  7 lindwurms
  10 mana vipers
  Pikel (D:9)
  11 ugly things
  5 orc knights
  2 orc sorcerers (Orc:2)
  6 deep elf magi
  An oklob plant (D:11)
  3 manticores
  7 salamanders
  A cyclops (D:15)
  20 elephants
  47 black mambas
  Psyche (D:11)
  3 guardian serpents
  An ice statue (IceCv)
  18 naga magi
  Maggie (Lair:1)
  19 cane toads
  4 orange demons (D:14)
  An apocalypse crab (Gauntlet)
  3 gargoyles (D:12)
  3 torpor snails
  4 rime drakes
  A freezing wraith (Vaults:1)
  9 komodo dragons
  A yaktaur (D:15)
  2 centaur skeletons
  A redback zombie (D:14)
  An ice devil (Orc:2)
  A red devil (D:14)
  17 polar bears
  5 trolls
  4 tyrant leeches
  A raiju (shapeshifter) (Vaults:1)
  8 blink frogs (Lair:6)
  7 hornets
  5 slime creatures
  17 dream sheep
  A water elemental (D:13)
  A shadow (D:13)
  54 yaks
  7 wyverns
  2 wraiths (D:14)
  A vampire (D:13)
  4 basilisks
  A fire elemental (D:12)
  2 chaos spawn (Gauntlet)
  2 neqoxecs
  Menkaure (D:6)
  2 vampire mosquitoes (Swamp:2)
  13 two-headed ogre zombies (Orc:1)
  8 swamp worms
  3 wargs
  29 nagas
  2 hell hounds (Gauntlet)
  A soldier ant (shapeshifter) (Vaults:1)
  23 soldier ants
  36 water moccasins
  A hornet zombie (D:14)
  4 ice beasts
  25 orc warriors
  3 phantoms
  5 black bears
  7 sky beasts
  An eye of draining (D:13)
  5 necrophages
  22 wolves
  12 ogres
  18 centaurs
  A lemure (D:9)
  3 big kobolds
  18 bullfrogs
  2 water moccasin zombies (Ossuary)
  3 scorpions
  6 killer bees (D:9)
  22 wights
  3 howler monkeys
  An electric eel (D:13)
  2 bullfrog zombies
  4 centaur zombies
  6 hounds
  3 human zombies (D:14)
  5 jellies
  2 bullfrog skeletons
  20 orc priests
  16 orc wizards
  4 iguanas
  23 worker ants
  3 big kobold zombies (Ossuary)
  2 mummies (Ossuary)
  A hound skeleton (D:9)
  3 worker ant zombies
  3 gnolls (D:3)
  26 adders
  7 shadow imps
  A white imp (D:5)
  3 ufetubi
  2 oozes (D:2)
  A worm (D:3)
  3 adder skeletons
  3 adder zombies (Ossuary)
  3 leopard geckos
  61 orcs
  5 giant cockroaches
  8 goblins
  8 hobgoblins
  7 jackals
  15 kobolds
  6 quokkas
  5 ball pythons
  A ball python skeleton (D:4)
  4 bats
  2 frilled lizards
  5 gnoll zombies (Ossuary)
  11 hobgoblin zombies (Ossuary)
  2 kobold zombies (Ossuary)
  2 leopard gecko skeletons (D:4)
  6 orc zombies
  8 rats
  2 briar patches (Swamp:2)
1075 creatures vanquished.

Vanquished Creatures (collateral kills)
  Saint Roka (Snake:4)
  A nagaraja (Snake:4)
  An ironheart preserver (Vaults:1)
  3 eleionomae
  A yaktaur captain (Vaults:1)
  2 rakshasas (Vaults:1)
  5 hydras
  3 anacondas
  5 naga warriors
  3 boulder beetles (D:14)
  A catoblepas (D:14)
  A centaur warrior (D:14)
  A two-headed ogre (Vaults:1)
  A tengu warrior (D:14)
  5 orc high priests (Orc:2)
  A naga sharpshooter (Snake:4)
  A deep elf knight (Vaults:1)
  A soul eater (Orc:2)
  Sonja (D:11)
  A goliath frog (Swamp:2)
  An unseen horror (D:14)
  A spriggan druid (Swamp:2)
  3 naga ritualists
  3 mana vipers
  2 infernal demonspawn (Orc:2)
  3 orc knights
  3 ugly things
  A manticore (D:11)
  A cyclops (D:14)
  2 salamanders
  9 black mambas
  A vault sentinel (Vaults:1)
  3 guardian serpents
  4 naga magi
  An orange demon (D:14)
  A smoke demon (Orc:2)
  A rime drake (Lair:6)
  A kobold demonologist (D:15)
  A hellwing (Orc:2)
  A yaktaur (Vaults:1)
  A red devil (D:14)
  A troll (D:12)
  A wraith (Vaults:1)
  A chaos spawn (Gauntlet)
  7 nagas
  A two-headed ogre zombie (Orc:1)
  4 swamp worms
  12 orc warriors
  2 ogres
  4 bullfrogs
  An elf skeleton (D:14)
  A howler monkey (D:11)
  A lava snake (D:12)
  An orc wizard (Orc:2)
  5 orc priests (Orc:2)
  12 orcs
137 creatures vanquished.

Vanquished Creatures (others)
  A bloated husk (Swamp:2)
  A yak (IceCv)
  An adder (Snake:1)
  A kobold (D:12)
  2 briar patches (Swamp:2)
  25 fungi
  47 plants
  6 toadstools (Swamp:2)
  A withered plant (Gauntlet)
85 creatures vanquished.

Grand Total: 1297 creatures vanquished

Notes
Turn   | Place    | Note
-------+----------+-------------------------------------------
     0 | D:1      | Zeld the Deep Dwarf Fighter began the quest for the Orb.
     0 | D:1      | Reached XP level 1. HP: 20/20 MP: 1/1
   106 | D:1      | Reached skill level 3 in Axes
   106 | D:1      | Reached XP level 2. HP: 24/27 MP: 2/2
   476 | D:1      | Reached XP level 3. HP: 27/33 MP: 3/3
   478 | D:1      | Reached skill level 4 in Axes
   832 | D:2      | Reached XP level 4. HP: 28/40 MP: 4/4
   958 | D:2      | Found a sacrificial altar of Ru.
  1383 | D:3      | Reached skill level 5 in Axes
  1739 | D:3      | Reached XP level 5. HP: 23/46 MP: 4/4
  2061 | D:4      | Reached skill level 6 in Axes
  2145 | D:4      | Noticed a sky beast
  2177 | D:4      | Killed a sky beast
  2178 | D:4      | Reached skill level 7 in Axes
  2178 | D:4      | Reached XP level 6. HP: 46/55 MP: 5/5
  2991 | D:5      | Entered Level 5 of the Dungeon
  3035 | D:5      | Found a staircase to the Ecumenical Temple.
  3057 | D:5      | Noticed an ice beast
  3060 | Temple   | Entered the Ecumenical Temple
  3071 | Temple   | Became a worshipper of Makhleb the Destroyer
  3123 | D:5      | Killed an ice beast
  3124 | D:5      | Reached skill level 8 in Axes
  3159 | D:5      | Reached XP level 7. HP: 48/61 MP: 5/5
  3188 | D:5      | Found a white marble altar of Elyvilon.
  3208 | D:5      | Found Maila's Antique Weapon Shop.
  3341 | D:5      | Found a blossoming altar of Fedhas.
  3399 | D:5      | Found an opulent altar of Gozag.
  3498 | D:5      | Reached skill level 9 in Axes
  3678 | D:6      | Found a sand-covered staircase.
  3684 | Ossuary  | Entered an ossuary
  3723 | Ossuary  | Reached * piety under Makhleb
  3838 | Ossuary  | Reached skill level 10 in Axes
  3930 | D:6      | Reached XP level 8. HP: 35/68 MP: 6/6
  4285 | D:6      | Noticed Menkaure
  4292 | D:6      | Killed Menkaure
  4386 | D:7      | Reached ** piety under Makhleb
  4390 | D:7      | Reached skill level 11 in Axes
  4524 | D:7      | Found a shimmering altar of Xom.
  4615 | D:7      | Reached skill level 12 in Axes
  4806 | D:7      | Found a radiant altar of Vehumet.
  4809 | D:7      | Found an opulent altar of Gozag.
  4812 | D:7      | Found an ancient bone altar of Kikubaaqudgha.
  4815 | D:7      | Found a snail-covered altar of Cheibriados.
  4910 | D:7      | Found a sparkling altar of Nemelex Xobeh.
  4952 | D:7      | Noticed a red ugly thing
  4990 | D:7      | Killed a red ugly thing
  4991 | D:7      | Reached skill level 13 in Axes
  4991 | D:7      | Gained mutation: You passively map the area around you.
                  | [Deep Dwarf growth]
  4991 | D:7      | Reached XP level 9. HP: 74/74 MP: 2/2
  4999 | D:7      | Found a broken altar of Ashenzari.
  5300 | D:8      | Noticed a two-headed ogre
  5311 | D:8      | Killed a two-headed ogre
  5312 | D:8      | Reached skill level 14 in Axes
  5516 | D:8      | Found a basalt altar of Yredelemnul.
  5727 | D:8      | Noticed Harold
  5752 | D:8      | Killed Harold
  5753 | D:8      | Reached skill level 15 in Axes
  5753 | D:8      | Reached XP level 10. HP: 81/81 MP: 3/3
  6226 | D:9      | Noticed Pikel
  6246 | D:9      | Killed Pikel
  6247 | D:9      | Reached skill level 16 in Axes
  6264 | D:9      | Noticed a two-headed ogre
  6282 | D:9      | Killed a two-headed ogre
  6346 | D:9      | Found an iron altar of Okawaru.
  6349 | D:9      | Noticed a seven-headed hydra
  6467 | D:9      | Killed a seven-headed hydra
  6468 | D:9      | Reached skill level 5 in Throwing
  6553 | D:9      | Found Zuduts's Gadget Shoppe.
  6557 | D:9      | Bought a lightning rod (4/4) for 510 gold pieces
  6881 | D:10     | Entered Level 10 of the Dungeon
  7265 | D:10     | Reached skill level 1 in Invocations
  7297 | D:10     | Reached XP level 11. HP: 88/88 MP: 3/3
  7402 | D:10     | Reached skill level 1 in Evocations
  7427 | D:10     | Reached *** piety under Makhleb
  7597 | D:10     | Reached skill level 1 in Dodging
  7648 | D:10     | Got a fine cloak
  7659 | D:10     | Identified the cursed +0 cloak of Honour {rN+ Will+ Int+4}
                  | (You found it on level 10 of the Dungeon)
  7930 | D:11     | Noticed Psyche
  7939 | D:11     | Killed Psyche
  8017 | D:11     | You fall into a shaft and drop 3 floors!
  8017 | D:14     | Noticed a tengu warrior
  8019 | D:14     | Noticed a tengu warrior
  8020 | D:14     | Noticed a catoblepas
  8025 | D:14     | Noticed a boulder beetle
  8027 | D:14     | Noticed a centaur warrior
  8029 | D:14     | Noticed a brown ugly thing
  8033 | D:14     | Noticed a brown ugly thing
  8035 | D:14     | Noticed a brown ugly thing
  8036 | D:14     | Noticed a brown ugly thing
  8073 | D:13     | Noticed a centaur warrior
  8083 | D:13     | Killed a centaur warrior
  8113 | D:13     | Reached skill level 5 in Invocations
  8150 | D:13     | Found a gate to the Vaults.
  8150 | D:13     | Noticed a vault guard
  8150 | D:13     | Noticed a vault guard
  8150 | D:13     | Noticed a vault guard
  8150 | D:13     | Noticed a vault guard
  8185 | D:13     | Killed a vault guard
  8201 | D:13     | Killed a vault guard
  8202 | D:13     | Reached skill level 5 in Fighting
  8216 | D:13     | Killed a vault guard
  8238 | D:13     | Killed a vault guard
  8238 | D:13     | Reached **** piety under Makhleb
  8362 | D:13     | Noticed a boulder beetle
  8397 | D:13     | Reached skill level 5 in Evocations
  8424 | D:13     | Killed a boulder beetle
  8425 | D:13     | Reached XP level 12. HP: 105/105 MP: 9/9
  8625 | D:12     | Found a frozen archway.
  8631 | IceCv    | Entered an ice cave
  8760 | IceCv    | Reached skill level 5 in Dodging
  8764 | IceCv    | Identified the Papyrus of Flying Flames
  8932 | IceCv    | Reached ***** piety under Makhleb
  9078 | IceCv    | Noticed a death yak
  9131 | IceCv    | Reached skill level 10 in Invocations
  9135 | IceCv    | Killed a death yak
  9211 | IceCv    | Noticed a death yak
  9211 | IceCv    | Noticed a frost giant
  9241 | IceCv    | Killed a death yak
  9252 | IceCv    | Killed a frost giant
  9267 | IceCv    | Found the cursed +14 obsidian axe {vorpal, +Fly SInv
                  | *Curse}
  9915 | D:12     | Reached XP level 13. HP: 72/74 MP: 10/10
 10531 | D:11     | Found a staircase to the Lair.
 10639 | D:11     | Noticed Sonja
 10648 | D:11     | Killed Sonja
 11085 | D:11     | Found a staircase to the Orcish Mines.
 11294 | D:13     | Noticed Nessos
 11300 | D:13     | Killed Nessos
 11969 | D:14     | Reached skill level 10 in Fighting
 12051 | D:14     | Found a basalt altar of Yredelemnul.
 12111 | D:14     | Gained mutation: You resist negative energy. (rN+) [Deep
                  | Dwarf growth]
 12111 | D:14     | Reached XP level 14. HP: 124/132 MP: 4/6
 12545 | D:15     | Entered Level 15 of the Dungeon
 13349 | D:15     | Reached skill level 10 in Evocations
 13502 | D:15     | Found a staircase to the Depths.
 13502 | D:15     | Noticed a frost giant
 13508 | D:15     | Killed a frost giant
 13947 | Orc:1    | Entered Level 1 of the Orcish Mines
 14088 | Orc:1    | Found a shimmering blue altar of Sif Muna.
 14100 | Orc:1    | Reached ****** piety under Makhleb
 14102 | Orc:1    | Identified Sif Muna's Compendium of Lightness
 14451 | Orc:1    | Noticed Erolcha
 14467 | Orc:1    | Killed Erolcha
 14584 | Orc:2    | Entered Level 2 of the Orcish Mines
 14646 | Orc:2    | Found a staircase to the Elven Halls.
 14786 | Orc:2    | Found Bepysam's Distillery.
 14795 | Orc:2    | Found Syh Myex's General Store.
 14884 | Orc:2    | Reached skill level 15 in Invocations
 14934 | Orc:2    | Found Icsoxua's Antique Armour Shop.
 14934 | Orc:2    | Found Nugeh's Book Boutique.
 14935 | Orc:2    | Found a one-way gate leading to the halls of Pandemonium.
 14998 | Orc:2    | Bought a potion of haste for 140 gold pieces
 14998 | Orc:2    | Bought a potion of lignification for 42 gold pieces
 14998 | Orc:2    | Bought a potion of flight for 42 gold pieces
 14998 | Orc:2    | Bought a potion of heal wounds for 70 gold pieces
 14998 | Orc:2    | Bought a potion of heal wounds for 70 gold pieces
 14998 | Orc:2    | Bought a potion of curing for 42 gold pieces
 14998 | Orc:2    | Bought a potion of ambrosia for 112 gold pieces
 14998 | Orc:2    | Bought a potion of heal wounds for 70 gold pieces
 14998 | Orc:2    | Bought a potion of curing for 42 gold pieces
 15000 | Orc:2    | Bought a potion of flight for 39 gold pieces
 15000 | Orc:2    | Bought a scroll of brand weapon for 260 gold pieces
 15000 | Orc:2    | Bought a potion of degeneration for 13 gold pieces
 15055 | Orc:2    | Found a roughly hewn altar of Beogh.
 15531 | Lair:1   | Entered Level 1 of the Lair of Beasts
 15579 | Lair:1   | Reached XP level 15. HP: 144/144 MP: 5/5
 15614 | Lair:1   | Noticed Maggie
 15626 | Lair:1   | Killed Maggie
 15726 | Lair:1   | Noticed Urug
 15738 | Lair:1   | Killed Urug
 15781 | Lair:1   | Noticed Gastronok
 15798 | Lair:1   | Killed Gastronok
 16969 | Lair:2   | Noticed Erica
 16981 | Lair:2   | Killed Erica
 17033 | Lair:2   | Reached skill level 10 in Dodging
 17482 | Lair:2   | Found a staircase to the Swamp.
 17792 | Lair:3   | Found a staircase to the Snake Pit.
 17844 | Lair:3   | Found a blossoming altar of Fedhas.
 18447 | Lair:4   | Found a gate leading to a gauntlet.
 18456 | Gauntlet | Entered a Gauntlet
 18456 | Gauntlet | Found a transporter.
 18465 | Gauntlet | Found a transporter.
 18468 | Gauntlet | Found a transporter.
 18469 | Gauntlet | Found a transporter.
 18480 | Gauntlet | Found a transporter.
 18480 | Gauntlet | Found a transporter.
 18481 | Gauntlet | Found a transporter.
 18493 | Gauntlet | Found a transporter.
 18494 | Gauntlet | Found a transporter.
 18494 | Gauntlet | Found a transporter.
 18502 | Gauntlet | Found a transporter.
 18505 | Gauntlet | Found a transporter.
 18506 | Gauntlet | Found a transporter.
 18514 | Gauntlet | Found a transporter.
 18610 | Gauntlet | Reached skill level 17 in Axes
 18699 | Gauntlet | Paralysed by a chaos spawn for 3 turns
 19211 | Gauntlet | Got a vibrating silver ring
 19214 | Gauntlet | Identified the ring "Utucweb" {Int+7 SInv} (You found it in
                  | a Gauntlet)
 19960 | Lair:4   | Reached skill level 18 in Axes
 20368 | Lair:4   | Got a scintillating brass ring
 20370 | Lair:4   | Identified the ring "Izur" {Will+ Str+2} (You found it on
                  | level 4 of the Lair of Beasts)
 20695 | Lair:5   | Found a staircase to the Slime Pits.
 21254 | Lair:6   | Entered Level 6 of the Lair of Beasts
 21353 | Lair:6   | Reached XP level 16. HP: 152/152 MP: 5/5
 21610 | Lair:6   | Reached skill level 19 in Axes
 22563 | Snake:1  | Entered Level 1 of the Snake Pit
 22666 | Snake:1  | Reached skill level 20 in Axes
 22668 | Snake:1  | Identified a scroll of acquirement
 22669 | Snake:1  | Acquired 705 gold pieces
 23059 | Snake:1  | Noticed Aizul
 23086 | Snake:1  | Killed Aizul
 23967 | Snake:2  | Reached XP level 17. HP: 119/162 MP: 0/3
 24381 | Snake:2  | Found a runed translucent gate.
 24381 | Snake:2  | Found a runed translucent gate.
 24381 | Snake:2  | Found a runed translucent gate.
 24383 | Snake:2  | Noticed Zeld's ghost (adept DDFi)
 24406 | Snake:2  | Killed Zeld's ghost
 24520 | Snake:3  | Noticed Jorgrun
 24522 | Snake:3  | Found Xyikk's Magic Scroll Emporium.
 24526 | Snake:3  | Killed Jorgrun
 24532 | Snake:3  | Found Teraym's Gadget Shoppe.
 24532 | Snake:3  | Found Nonum's Book Emporium.
 24537 | Snake:3  | Bought a scroll of teleportation for 48 gold pieces
 24537 | Snake:3  | Bought a scroll of identify for 32 gold pieces
 24537 | Snake:3  | Bought a scroll of enchant weapon for 120 gold pieces
 24537 | Snake:3  | Bought a scroll of enchant weapon for 120 gold pieces
 24537 | Snake:3  | Bought a scroll of fear for 56 gold pieces
 24537 | Snake:3  | Bought a scroll of magic mapping for 56 gold pieces
 24537 | Snake:3  | Found Wesodgh's Distillery.
 24545 | Snake:3  | Bought a potion of heal wounds for 85 gold pieces
 24545 | Snake:3  | Bought a potion of curing for 51 gold pieces
 24545 | Snake:3  | Bought a potion of heal wounds for 85 gold pieces
 24545 | Snake:3  | Bought a potion of berserk rage for 85 gold pieces
 24545 | Snake:3  | Bought a potion of might for 68 gold pieces
 24545 | Snake:3  | Bought a potion of magic for 136 gold pieces
 24548 | Snake:3  | Bought a condenser vane for 520 gold pieces
 24548 | Snake:3  | Bought a wand of flame (14) for 104 gold pieces
 24548 | Snake:3  | Bought a wand of random effects (10) for 78 gold pieces
 24548 | Snake:3  | Bought a wand of acid (10) for 364 gold pieces
 24548 | Snake:3  | Bought a wand of paralysis (12) for 182 gold pieces
 24548 | Snake:3  | Bought a wand of iceblast (4) for 104 gold pieces
 24587 | Snake:3  | Found Fawoipsylaw's Armour Boutique.
 25452 | Snake:4  | Entered Level 4 of the Snake Pit
 25511 | Snake:4  | Noticed Saint Roka
 25526 | Snake:4  | Killed Saint Roka
 26058 | Snake:4  | Gained mutation: You passively map a large area around you.
                  | [Deep Dwarf growth]
 26058 | Snake:4  | Reached XP level 18. HP: 96/175 MP: 3/3
 26221 | Snake:4  | Got a serpentine rune of Zot
 26746 | Swamp:1  | Entered Level 1 of the Swamp
 27632 | Swamp:2  | HP: 4/176 [six-headed hydra (7)]
 28807 | Vaults:1 | Entered Level 1 of the Vaults
 30580 | Elf:1    | Entered Level 1 of the Elven Halls
 33428 | Swamp:2  | HP: 4/177 [spriggan druid/angry trees (9)]
 33428 | Swamp:2  | Killed from afar by a spriggan druid

Illustrated notes

Levels and vault maps discovered:
D:1:      noname_arrival_rooms_in_the_neighbourhood, layout_loops_ring,
          st_stairs_5
D:2:      layout_rooms, nicolae_ru_path_of_blood
D:3:      layout_loops_corners
D:4:      layout_basic, st_stairs_14
D:5:      layout_rooms, lemuel_doored_altar, elyvilon_altar_5,
          minmay_temple_entry_waves, serial_shops, nicolae_shop_window_shopping,
          nicolae_gozag_seed_capital
D:6:      layout_basic, nicolae_ossuary_entry_plus, amcnicky_mini_pool_small,
          uniq_menkaure
D:7:      layout_gridville, kennysheep_little_box, kennysheep_mini,
          grunt_temple_overflow_cloverleaf, basic_altar
D:8:      layout_gridville, basic_altar, uniq_harold
D:9:      layout_rooms, nicolae_overflow_crystal_walls, serial_shops,
          nicolae_shop_behind_doors, eino_jars, uniq_pikel
D:10:     layout_loops_cross, kennysheep_another_room
D:11:     layout_long_grid, dpeg_oklobed_lair, orc_0_dummy, uniq_sonja,
          uniq_psyche
D:12:     layout_roguey, portal_ice_cave_rime, grunt_decor_junction
D:13:     layout_roguey, lightli_vaults_fourway_checkpoint, serial_bayou_lake_a,
          uniq_nessos
D:14:     layout_cross, lemuel_mausoleum_altar_yredelemnul,
          minmay_beelzebubs_servants
D:15:     grunt_enter_depths_snipers, layout_gridville, serial_park_tiny_1,
          david_greed
Temple:   cyrus_circular_temple
Lair:1:   lemuel_reptile_caves, layout_long_grid,
          chequers_serial_rivers_micro_a, grunt_megastairs_4,
          lemuel_fruit_fields, uniq_gastronok, uniq_urug, uniq_maggie
Lair:2:   layout_roguey, minmay_swamp_entry_worms, serial_bayou_shore_b,
          uniq_erica
Lair:3:   layout_cave_shapes, minmay_snake_entry_guardpost_small, basic_altar,
          minivault_11, minivault_29
Lair:4:   layout_layer_cave, gauntlet_entry_generic, serial_bayou_shore_b
Lair:5:   layout_loops_ring, slime_dummy, infiniplex_staircase_pool_2
Lair:6:   hangedman_lair_in_review, layout_regular_city, st_stairs_7,
          grunt_megastairs_2
Swamp:1:  layout_basic_swamp, evilmike_swamp_ruin_rubble_2, swamp_pool5,
          statue_in_the_mist_lemuel, hangedman_swamp_ravenous
Swamp:2:  cheibrodos_swamp_tower_of_moss, layout_falls_marsh,
          evilmike_swamp_ruin_house_4
Snake:1:  layout_gridlike, nicolae_snake_springs, uniq_aizul
Snake:2:  layout_basic, ebering_ghost_rock_garden, st_stairs_3
Snake:3:  layout_grid_shapes, serial_shops, shop, minmay_shoptagon, uniq_jorgrun
Snake:4:  snake_pit_salamanders_mu, layout_cave_town, uniq_saint_roka
Orc:1:    lemuel_ogre_cave, layout_diamond_mine, led_sif_book
Orc:2:    pf_orc_diabolical, layout_caves, mines1_david
Elf:1:    eino_elf_arrival_sip, layout_geoelf_diagonals, minmay_elf_necromancy,
          uniq_kirke
Vaults:1: v_misc_30, v_misc_11, hangedman_vaults_corner, vaults_mumra_minichess,
          v_misc_27, ontoclasm_vaults_hangar, grunt_vaults_diagonal,
          ontoclasm_vaults_ligature, v_misc_2, grunt_vaults_focal,
          layout_vaults_ring, serial_shops, shop

Skill      XL: |  1  2  3  4  5  6  7  8  9 10 11 12 13 14 15 16 17 18 |
---------------+-------------------------------------------------------+-----
Axes           | 3 4 5 7 8 10 13 15 16 18 20 | 20.0
Throwing       | 6 |  6.0
Invocations    | 1 7 10 13 15 16 18 19 | 19.7
Fighting       | 6 8 10 11 12 14 | 14.9
Evocations     | 5 7 9 11 12 13 14 | 14.5
Dodging        | 4 6 8 9 10 11 12 | 12.6
Armour         | |  3.2
Shields        | |  3.2

Action                   |  1- 3 |  4- 6 |  7- 9 | 10-12 | 13-15 | 16-18 || total
-------------------------+-------+-------+-------+-------+-------+-------++-------
Melee: War axe           |    92 |   168 |   367 |   828 |   626 |   423 ||  2504
       Broad axe         |       |       |       |     4 |   632 |   632 ||  1268
       Whip              |       |       |       |       |       |    82 ||    82
Throw: Dart              |       |       |     1 |       |       |       ||     1
Invok: Greater Servant o |       |       |       |       |     2 |    16 ||    18
       Lesser Servant of |       |       |       |       |     2 |       ||     2
 Abil: Heal Wounds       |       |     5 |    17 |    35 |    28 |    30 ||   115
       Evoke Flight      |       |       |       |     2 |     3 |       ||     5
Evoke: Wand              |       |       |       |     8 |       |    26 ||    34
       Lightning rod     |       |       |       |     4 |     2 |       ||     6
       Phantom mirror    |       |       |       |       |     1 |       ||     1
       Condenser vane    |       |       |       |       |       |     1 ||     1
  Use: Scroll            |       |       |    14 |    14 |    21 |    20 ||    69
       Potion            |       |       |       |     1 |     1 |    11 ||    13
 Stab: Petrified         |       |       |       |     1 |       |     7 ||     8
       Distracted        |       |       |       |       |     6 |    10 ||    16
       Paralysed         |       |       |       |       |       |    15 ||    15
Armor: Scale mail        |    46 |    68 |   128 |   253 |    78 |       ||   573
       Plate armour      |       |       |       |       |   348 |   397 ||   745
       Skin              |       |       |       |       |     1 |       ||     1
Dodge: Dodged            |    29 |    39 |    64 |   223 |   307 |   276 ||   938
Block: Kite shield       |    57 |    69 |   170 |   623 |   978 |   868 ||  2765
       Reflection        |       |       |     2 |    24 |    44 |    84 ||   154
